[Event "Early-Titled-Tuesday-Blitz-March-05-2024"]
[Site "Chess.com"]
[Date "2024.03.05"]
[Round "5"]
[White "secrethawk1"]
[Black "chess94cu"]
[Result "0-1"]
[WhiteElo "2487"]
[BlackElo "2651"]
[TimeControl "180+1"]
[EndTime "8:58:45 PST"]
[Termination "chess94cu won by resignation"]

1. e4 d6 2. d4 Nf6 3. Nc3 e5 4. Nf3 Nbd7 5. Bc4 Be7 6. O-O O-O 7. a4 a5 8. h3 c6 9. Ba2 h6 10. Nh4 Nxe4 11. Nxe4 d5 12. Nf5 dxe4 13. Qg4 Bg5 14. h4 Nf6 15. Qh3 Bxc1 16. Raxc1 Qd7 17. dxe5 Nd5 18.
Bxd5 cxd5 19. Ne3 Qxh3 20. gxh3 Be6 21. Rfd1 Rad8 22. c3 f6 23. exf6 Rxf6 24. Rd2 Rf4 25. Rcd1 Rxh4 26. Nxd5 Kf7 27. Ne3 Rxd2 28. Rxd2 Rxh3 29.
Rd6 Rh5 30. Rb6 Bc8 31. Nc4 Rg5+ 32. Kf1 Kg8 33. Nd6 Bg4 34. Rxb7 Bf3 35. Rb5 Rg6 36.
Nf5 Kh7 37. Rxa5 h5 38. Ke1 Rg5 39. Rb5 g6 40. Ng3 Rg4 41. Rb7+ Kh6 42. a5 e3 43. fxe3 Bxb7 44. b4 Rxg3 45. b5 Rxe3+ 46. Kd2 Re5 47. a6 Bxa6 48. bxa6 Ra5 49. Kd3 Rxa6 0-1

[Event "Early-Titled-Tuesday-Blitz-March-05-2024"]
[Site "Chess.com"]
[Date "2024.03.05"]
[Round "5"]
[White "PedroGil25"]
[Black "ritanovikova"]
[Result "1-0"]
[WhiteElo "2529"]
[BlackElo "2196"]
[TimeControl "180+1"]
[EndTime "8:58:45 PST"]
[Termination "PedroGil25 won by checkmate"]

1. c4 Nf6 2. Nf3 e6 3. g3 d5 4. Bg2 Be7 5. O-O O-O 6. b3 Ne4 7. Bb2 Bf6 8. Qc1 Bxb2 9. Qxb2 Qf6 10. Qxf6 Nxf6 11. Nc3 c6 12. d4 Rd8 13. Rfd1 Na6 14.
Ne5 Nd7 15. Nd3 Nc7 16. Rac1 b6 17. e4 dxe4 18. Nxe4 Nb8 19. c5 Nd5 20. Nd6 Bd7 21. Ne5 Rf8 22. a4 Be8 23. Nec4 Nd7 24. cxb6 axb6 25.
Nxe8 Rfxe8 26. Nd6 Red8 27. Rxc6 Nb8 28. Rc8 Na6 29.
Rxd8+ Rxd8 30. Bxd5 Rxd6 31. Bc4 Nb4 32. Kf1 e5 33. d5 Kf8 34. Ke2 f5 35. Rd2 Ke7 36.
Ke3 g5 37. f4 gxf4+ 38. gxf4 e4 39. Kd4 Nc6+ 40. Kc3 Nd8 41. b4 Nb7 42. Rg2 Kf7 43.
Kd4 Kf6 44. Rg8 Rd7 45. Rf8+ Kg6 46. Rb8 Re7 47. Ke3 Nd6 48. Rxb6 Rd7 49. Bb5 Rd8 50.
a5 Kh5 51. a6 Kg4 52. a7 Nxb5 53. Rxb5 Ra8 54. Ra5 h5 55. b5 Rxa7 56. Rxa7 h4 57. b6 Kh3 58. b7 Kg2 59. b8=Q Kh1 60. Ra1+ Kxh2 61. Qg8 Kh3 62. Rh1# 1-0

[Event "Early-Titled-Tuesday-Blitz-March-05-2024"]
[Site "Chess.com"]
[Date "2024.03.05"]
[Round "5"]
[White "Yeritsyaan"]
[Black "ChessBrainiacOnTwitch"]
[Result "1-0"]
[WhiteElo "2598"]
[BlackElo "2817"]
[TimeControl "180+1"]
[EndTime "8:58:46 PST"]
[Termination "Yeritsyaan won on time"]

1. c4 e5 2. g3 Nf6 3. Bg2 c6 4. Nf3 e4 5. Nd4 d5 6. cxd5 cxd5 7. O-O Bc5 8. Nb3 Bb6 9. d3 Qe7 10. Nc3 h6 11. dxe4 dxe4 12. Qc2 Bf5 13. Be3 Bxe3 14. fxe3 Bg6 15. Nd4 O-O 16. Rf4 Nbd7 17. Raf1 Rac8 18. Qb3 Nc5 19. Qa3 Qe5 20. Qxa7 Rfd8 21. Qa5 Nh5 22.
Rf5 Qe7 23. Nd5 Qd6 24. Nf4 Nxf4 25. R5xf4 Ra8 26. Qb4 Rxa2 27. Qc4 Qd5 28. Qxd5 Rxd5 29. b4 Na4 30. Bxe4 Bxe4 31. Rxe4 Nc3 32. Re8+ Kh7 33. Rxf7 Nxe2+ 34. Nxe2 Rxe2 35. Rf2 Re1+ 36. Kg2 Rb1 37. Re4 Rb3 38. h4 Rdd3 39. Kf3 b5 40. Rc2 Rd6 41.
Rc7 Rf6+ 42. Kg4 Rg6+ 43. Kh3 Rb1 44. Rc5 Rg1 45. g4 Rf6 46. Rf5 Rc6 47. Rf2 Rc3 48. h5 Rb1 49. Re7 1-0

[Event "Early-Titled-Tuesday-Blitz-March-05-2024"]
[Site "Chess.com"]
[Date "2024.03.05"]
[Round "5"]
[White "Neijin"]
[Black "ural58"]
[Result "1-0"]
[WhiteElo "2717"]
[BlackElo "2514"]
[TimeControl "180+1"]
[EndTime "8:58:46 PST"]
[Termination "Neijin won by resignation"]

1. e4 d5 2. exd5 Qxd5 3. Nc3 Qa5 4. d4 Nf6 5. Bc4 Bg4 6. f3 Be6 7. Bxe6 fxe6 8. Ne2 Nc6 9. Nf4 O-O-O 10. Nxe6 Rd6 11. Nxf8 Rxf8 12. O-O Nxd4 13. Be3 e5 14. Bxd4 exd4 15. Ne4 Nxe4 16. fxe4 Rxf1+ 17. Qxf1 Qe5 18. Qf3 h5 19. Rf1 b6 20. Qd3 Kb7 21. Rf5 Qe6 22. e5 Rc6 23. b3 g6 24. Rg5 Qd5 25. h3 Rc3 26. Qxg6 d3 27. cxd3 Rxd3 28. Qf5 h4 29. Rg4 Re3 30. Rxh4 Rxe5 31. Qf2 Qd1+ 32. Kh2 Re1 33.
Rc4 Rh1+ 34. Kg3 Rf1 35. Qe3 Qd6+ 36. Rf4 a5 37. Qe4+ Ka7 38. Kg4 Qd1+ 39. Kg5 Re1 40. Qf3 Qd8+ 41. Kg4 Qg8+ 42. Kh4 Re7 43. g4 Qe8 44.
Rf8 Rh7+ 45. Kg3 Qe5+ 46. Kg2 Qb2+ 47. Kg1 Qc1+ 48. Kh2 c6 49. Rf7+ Rxf7 50. Qxf7+ Ka6 51. Kg2 a4 52. Qf1+ Ka5 53. Qxc1 1-0

[Event "Early-Titled-Tuesday-Blitz-March-05-2024"]
[Site "Chess.com"]
[Date "2024.03.05"]
[Round "5"]
[White "eagleclaw07"]
[Black "kleopl"]
[Result "1-0"]
[WhiteElo "2842"]
[BlackElo "2523"]
[TimeControl "180+1"]
[EndTime "8:58:47 PST"]
[Termination "eagleclaw07 won on time"]

1. d4 Nf6 2. c4 e6 3. g3 c5 4. d5 exd5 5. cxd5 b5 6. e4 d6 7. Bxb5+ Bd7 8. Bxd7+ Nbxd7 9. Nc3 g6 10. Nf3 Bg7 11.
O-O O-O 12. Bf4 Nb6 13. Nd2 Re8 14. Qc2 a6 15. Kg2 Rb8 16. Rfe1 Nh5 17. Be3 Qd7 18. Re2 Qb7 19. Rae1 Nd7 20. Nc4 Bf8 21. f4 Nhf6 22. h3 Nb6 23. Nd2 Bg7 24. Bf2 Re7 25. Kh2 Rbe8 26.
a4 Nc8 27. Nc4 Qb4 28. Qd3 Nd7 29. Be3 Ndb6 30. Nxb6 Qxb6 31. Bc1 Qa5 32. Qf3 Nb6 33. e5 dxe5 34. f5 f6 35. Rd1 Nxa4 36. d6 Nxc3 37. bxc3 Rd7 38. Rb2 Qd8 39. Qc6 gxf5 40. Rb7 Rxb7 41.
Qxb7 f4 42. gxf4 exf4 43. Bxf4 Re2+ 44. Kh1 Rf2 45. Bg3 Re2 46. d7 Bf8 47. Qd5+ Kg7 48. Bf4 Be7 49. Rg1+ 1-0

[Event "Early-Titled-Tuesday-Blitz-March-05-2024"]
[Site "Chess.com"]
[Date "2024.03.05"]
[Round "5"]
[White "PepeCuenca"]
[Black "Chopper1905"]
[Result "0-1"]
[WhiteElo "2693"]
[BlackElo "2948"]
[TimeControl "180+1"]
[EndTime "8:58:48 PST"]
[Termination "Chopper1905 won on time"]

1. d4 Nf6 2. Bf4 d6 3. Nc3 Nbd7 4. Nf3 c5 5. d5 Qa5 6. Nd2 b5 7. e4 b4 8. Ncb1 g6 9. a4 Bg7 10. Nc4 Qd8 11. Nbd2 Nb6 12. Nxb6 axb6 13. Bb5+ Bd7 14.
Bxd7+ Qxd7 15. Nc4 Rxa4 16. Nxb6 Rxa1 17. Qxa1 Qb7 18.
Qa4+ Kf8 19. Qc6 Qxc6 20. dxc6 Ne8 21. Nd5 Bxb2 22. Bh6+ Bg7 23. Bxg7+ Kxg7 24. c7 Nxc7 25. Nxc7 Rc8 26. Nd5 Ra8 27. Kd2 Kf8 28. h4 h5 29. Ne3 e6 30. Nc4 Ke7 31. Ne3 f5 32.
exf5 gxf5 33. g3 Ra2 34. Rb1 d5 35. Ng2 e5 36. f4 e4 37. Ne3 Ke6 38. Nd1 d4 39.
Rb2 Ra1 40. Rb3 Kd5 41. Rb2 Ra3 42. Rb3 Ra4 43. Rb2 c4 44. Rb1 c3+ 45. Kc1 Kc4 46. Nf2 Ra2 47. Kd1 d3 48. cxd3+ exd3 49. Rc1 Rxf2 0-1

[Event "Early-Titled-Tuesday-Blitz-March-05-2024"]
[Site "Chess.com"]
[Date "2024.03.05"]
[Round "5"]
[White "Harry_Rakkel"]
[Black "StrackedAktonamee"]
[Result "1-0"]
[WhiteElo "2689"]
[BlackElo "2449"]
[TimeControl "180+1"]
[EndTime "8:58:49 PST"]
[Termination "Harry_Rakkel won on time"]

1. e4 c6 2. d4 d5 3. exd5 cxd5 4. Bd3 Nf6 5. c3 Bg4 6. Ne2 e6 7. O-O Nc6 8. h3 Bh5 9. Qb3 Qc7 10. Bf4 Bd6 11. Bxd6 Qxd6 12. Re1 O-O-O 13. Na3 g5 14. Qa4 Bg6 15. Nb5 Qb8 16. Rad1 Bxd3 17. Rxd3 h5 18.
c4 dxc4 19. Qxc4 h4 20. Rc1 g4 21. d5 Rxd5 22. Rxd5 Nxd5 23. Qxg4 Qe5 24. Nxa7+ Kd7 25. Nxc6 bxc6 26. Nc3 Nf4 27. Rd1+ Ke7 28. Kf1 Rb8 29. Re1 Qf6 30. Ne4 Qh6 31. Ng5 Nd5 32. b3 Qf6 33.
Nf3 Rh8 34. Qc4 Rc8 35. Nd4 Kd7 36. a4 Qf4 37. Qc5 Qh2 38. Nf3 Qf4 39. Rc1 Rc7 40. a5 Rb7 41. a6 Rc7 42. a7 Rc8 43. a8=Q Rxa8 44. Qxc6+ Ke7 45. Qb7+ Kf6 46. Re1 Rd8 47. Qb5 Qf5 48. Qe2 Nf4 49. Qb2+ Kg6 50. Nxh4+ 1-0

[Event "Early-Titled-Tuesday-Blitz-March-05-2024"]
[Site "Chess.com"]
[Date "2024.03.05"]
[Round "5"]
[White "Hui_Li_Macau"]
[Black "ninguno46"]
[Result "0-1"]
[WhiteElo "2383"]
[BlackElo "2534"]
[TimeControl "180+1"]
[EndTime "8:58:49 PST"]
[Termination "ninguno46 won on time"]

1. e4 c5 2. Nf3 Nc6 3. d4 cxd4 4.
Nxd4 g6 5. Nc3 Bg7 6. Be3 Nf6 7. Bc4 Qa5 8. O-O O-O 9. Bb3 d6 10. h3 Bd7 11. Re1 Rac8 12. Nf3 Rfe8 13. Qe2 Ne5 14.
Nxe5 dxe5 15. Rad1 Bc6 16. f3 e6 17. Qf2 b6 18. Bd2 Qa6 19. Be3 Nh5 20. Rd6 Bf8 21. Rd2 Nf4 22. Ne2 Nxe2+ 23. Rexe2 Bb5 24. Re1 Bc6 25. Qh4 Qb7 26. Bg5 a5 27. a3 b5 28. Bf6 Bg7 29. Bxg7 Kxg7 30. Qg3 f6 31. Red1 Re7 32. h4 h5 33. Kh2 a4 34. Ba2 b4 35.
axb4 Qxb4 36. c3 Qc5 37. Qf2 Qxf2 38. Rxf2 Be8 39. Rfd2 Rb8 40. Bc4 Rb6 41. Ba2 f5 42. Kg1 Bf7 43. Kf2 Kf6 44. Ke3 Reb7 45. g3 Rxb2 46.
Rxb2 Rxb2 47. Rd2 f4+ 48. gxf4 exf4+ 49. Ke2 Rxd2+ 50. Kxd2 e5 51. Bb1 a3 0-1

[Event "Early-Titled-Tuesday-Blitz-March-05-2024"]
[Site "Chess.com"]
[Date "2024.03.05"]
[Round "5"]
[White "KetiTsatsalashvili"]
[Black "MarijaKuznecova"]
[Result "0-1"]
[WhiteElo "2477"]
[BlackElo "2353"]
[TimeControl "180+1"]
[EndTime "8:58:50 PST"]
[Termination "MarijaKuznecova won on time"]

1. d4 Nf6 2. Nf3 c5 3. d5 b5 4. c4 bxc4 5. Nc3 g6 6. e4 d6 7. Bxc4 Bg7 8. O-O O-O 9. Re1 Ba6 10. Bxa6 Nxa6 11. e5 dxe5 12. Nxe5 Nb4 13. Nc6 Nxc6 14. dxc6 Qc7 15. Qf3 Rac8 16. Bf4 Qxc6 17. Qxc6 Rxc6 18. Rxe7 Rb6 19. Rxa7 Rxb2 20. Rc1 Nh5 21. Be3 Rd8 22. g3 c4 23. a4 Nf6 24. a5 Ng4 25.
Bb6 Re8 26. Nd5 Ne5 27. Kg2 Ra2 28. Ne7+ Kh8 29. Nd5 h5 30. h3 Nc6 31. Rxc4 Nxa7 32. Bxa7 Rxa5 33. Nc7 Rc8 34. Bb6 Ra6 35. Rb4 Ra1 36.
Nd5 Kh7 37. Be3 Rd8 38. Ne7 Rdd1 39. Rb7 Rg1+ 40. Kf3 Rh1 41. h4 Rhb1 42. Rc7 Ra6 43. Nd5 Rd1 44. Nc3 Rf6+ 45. Ke2 Ra1 46. Ne4 Ra2+ 47.
Kf1 Rf5 48. Ng5+ Kg8 49. Rc8+ Bf8 50. Bc5 Rxc5 0-1

[Event "Early-Titled-Tuesday-Blitz-March-05-2024"]
[Site "Chess.com"]
[Date "2024.03.05"]
[Round "5"]
[White "AlexTruskavetsky"]
[Black "evgchess5"]
[Result "1-0"]
[WhiteElo "2707"]
[BlackElo "2926"]
[TimeControl "180+1"]
[EndTime "8:58:51 PST"]
[Termination "AlexTruskavetsky won on time"]

1. e4 c5 2. Nf3 e6 3. c3 d5 4. exd5 Qxd5 5. d4 Nf6 6. Bd3 Be7 7. O-O O-O 8. Qe2 Nbd7 9. Rd1 cxd4 10. Nxd4 a6 11. Bc2 Qh5 12. Qxh5 Nxh5 13. Nd2 Rd8 14. N2f3 Nb6 15. Bg5 Nf6 16. Bb3 Bd7 17. Ne5 Be8 18. Ng4 Nfd5 19. Bxe7 Nxe7 20. Ne3 Rac8 21. Nxe6 fxe6 22.
Bxe6+ Kf8 23. Bxc8 Rxc8 24. Rd2 Bf7 25. a4 Be6 26.
Rd6 Rc6 27. Rxc6 Nxc6 28. b4 Ke7 29. a5 Nc4 30. Nxc4 Bxc4 31. Rd1 Ke6 32. f3 Ne7 33.
Rd4 Bb3 34. Kf2 Nd5 35. Ke1 Bc2 36.
Kd2 Bg6 37. h4 h5 38. Rc4 Kd7 39. Rc5 Bf7 40. g4 g6 41. Rc4 Be6 42. Re4 Kd6 43. gxh5 gxh5 44. c4 Ne7 45. Kc3 Ng6 46. b5 Bf5 47.
Rd4+ Ke6 48. bxa6 bxa6 49. c5 Ke7 50. c6 Ne5 51. c7 Be6 52. Re4 Kd6 53. f4 1-0

[Event "Early-Titled-Tuesday-Blitz-March-05-2024"]
[Site "Chess.com"]
[Date "2024.03.05"]
[Round "5"]
[White "profedechess93"]
[Black "maciek_92"]
[Result "0-1"]
[WhiteElo "2647"]
[BlackElo "2877"]
[TimeControl "180+1"]
[EndTime "8:58:51 PST"]
[Termination "maciek_92 won on time"]

1. e4 c5 2. Nf3 e6 3. d4 cxd4 4. Nxd4 Nc6 5. Nc3 a6 6. Nxc6 bxc6 7. e5 Qc7 8. f4 d5 9. exd6 Bxd6 10. Ne4 Be7 11.
Qf3 Nf6 12. Bd3 O-O 13. O-O Rb8 14. Kh1 c5 15. f5 c4 16. Nxf6+ Bxf6 17. Be4 exf5 18.
Bxf5 Bxf5 19. Qxf5 Bxb2 20. Bf4 Qc6 21. Rad1 Rb5 22. Qg4 Rd5 23. Rde1 Qd7 24. Qf3 Bf6 25. Re4 c3 26. Rfe1 Rd8 27. h3 h5 28. Bg3 Qf5 29. Qe2 g6 30. Rf4 Qg5 31. Qf3 Rf5 32. Rf1 Rxf4 33. Bxf4 Qf5 34. Qe2 Qe6 35. Qf3 Re8 36.
Bg3 Bg7 37. Re1 Qd7 38. Rf1 f5 39. Qf4 Re4 40. Qf3 Kh7 41. Rd1 Qe7 42. Rf1 h4 43.
Bf2 Re2 44. Bg1 Qe4 45. Qxe4 fxe4 46. Rf7 Kg8 47. Re7 Re1 48. Kh2 Bf6 49. Re6 Kf7 0-1

[Event "Early-Titled-Tuesday-Blitz-March-05-2024"]
[Site "Chess.com"]
[Date "2024.03.05"]
[Round "5"]
[White "ProChessWICTH"]
[Black "Seochesspie"]
[Result "1-0"]
[WhiteElo "2637"]
[BlackElo "2811"]
[TimeControl "180+1"]
[EndTime "8:58:51 PST"]
[Termination "ProChessWICTH won by resignation"]

1. d4 Nf6 2. c4 e6 3. Nc3 Bb4 4. Bg5 h6 5. Bh4 c5 6. e3 Qa5 7.
Ne2 Ne4 8. Qc2 f5 9. d5 d6 10.
dxe6 Bxe6 11. f3 Bxc3+ 12. bxc3 Ng5 13. Nf4 Bd7 14. Ng6 Rg8 15. Bd3 Nc6 16. O-O O-O-O 17. Bxf5 Bxf5 18. Qxf5+ Kb8 19. f4 Qxc3 20. fxg5 Qxe3+ 21. Kh1 Nd4 22. Qf2 Qxf2 23. Rxf2 hxg5 24. Bxg5 Rde8 25. Raf1 Re4 26. Rf8+ Rxf8 27. Rxf8+ Kc7 28. h4 Ne6 29. Rf7+ Kb6 30. Nf4 Nxg5 31. hxg5 Rxc4 32.
g3 g6 33. Nxg6 Rg4 34. Rf5 Rxg3 35. Nf4 c4 36. Kh2 Rg4 37. Kh3 Rg1 38. Nd5+ Kc6 39. Kh2 Rg4 40. Ne3 Re4 41. g6 Re8 42. g7 Rg8 43. Rf7 c3 44. Kg3 d5 45. Nf5 Kb6 46. Rf8 c2 47. Rxg8 c1=Q 48. Rf8 Qg1+ 49. Kf4 Qf2+ 50. Kg5 Qg1+ 51. Kf6 Qa1+ 52. Kf7 Qf1 53. Ke7 Qe2+ 54. Kd8 d4 55. g8=Q d3 56. Qb3+ 1-0

[Event "Early-Titled-Tuesday-Blitz-March-05-2024"]
[Site "Chess.com"]
[Date "2024.03.05"]
[Round "5"]
[White "corvachesky"]
[Black "SlavenPastar"]
[Result "0-1"]
[WhiteElo "2431"]
[BlackElo "2628"]
[TimeControl "180+1"]
[EndTime "8:58:51 PST"]
[Termination "SlavenPastar won on time"]

1. Nf3 b6 2. d4 Bb7 3. g3 Nf6 4.
Bg2 g6 5. O-O Bg7 6. c4 O-O 7. d5 e6 8. Nc3 exd5 9. cxd5 Re8 10. Re1 c6 11. d6 c5 12. Bf4 Ne4 13. Nxe4 Bxe4 14. Qd2 Nc6 15. Rad1 Qf6 16. b3 Qc3 17. Ng5 Bxg2 18. Kxg2 Qxd2 19. Bxd2 h6 20. Nf3 Re6 21. Bc1 Rae8 22. e3 Bf8 23. Rd5 Nb4 24. Rd2 Rxd6 25. Rxd6 Bxd6 26. Rd1 Re6 27. a3 Nc6 28. Bb2 Kf8 29.
h4 Ke8 30. h5 gxh5 31. Rh1 Na5 32. Nd2 Be5 33. Bxe5 Rxe5 34. Kf3 d5 35. Ke2 d4 36.
Kd3 dxe3 37. fxe3 Rd5+ 38. Kc3 Ke7 39. e4 Rg5 40. Rh3 Re5 41. Kd3 b5 42. Nf3 Re6 43. e5 Nxb3 44. Rxh5 c4+ 45. Kc3 Nc5 46. Nd4 Ne4+ 47.
Kb4 Rb6 48. Rxh6 Rxh6 49. Nf5+ Ke6 50. Nxh6 Nxg3 51. Kxb5 c3 0-1

[Event "Early-Titled-Tuesday-Blitz-March-05-2024"]
[Site "Chess.com"]
[Date "2024.03.05"]
[Round "5"]
[White "xxysoul6"]
[Black "Baku_Boulevard"]
[Result "1-0"]
[WhiteElo "2929"]
[BlackElo "3068"]
[TimeControl "180+1"]
[EndTime "8:58:52 PST"]
[Termination "xxysoul6 won by resignation"]

1. e4 c5 2. Nf3 d6 3. d4 cxd4 4. Nxd4 Nf6 5. Nc3 g6 6. f3 Bg7 7. Be3 Nc6 8. Qd2 O-O 9. g4 Be6 10. Nxe6 fxe6 11. O-O-O Ne5 12. Be2 Qc8 13. h4 Nfd7 14.
Bd4 Nxf3 15. Bxf3 Bxd4 16. Qxd4 Rxf3 17. h5 Qc5 18. hxg6 Qxd4 19. gxh7+ Kg7 20. Rxd4 Rh8 21. Rc4 Nc5 22. b4 Na6 23. Nb5 Rxh7 24. Rxh7+ Kxh7 25. Nxa7 Rf4 26. b5 Nc5 27. a4 Rxg4 28. a5 Rg8 29. b6 Ra8 30. Kd2 Kg6 31. Ke3 Kf7 32.
Kd4 Ke8 33. Rxc5 dxc5+ 34. Kxc5 Kd7 35. a6 Rg8 36. axb7 Rb8 37. Kb5 Rxb7 38. Ka6 Rb8 39. c4 Kd6 40. Kb5 Rg8 41. c5+ Kd7 42. c6+ Kd6 43.
c7 Kd7 44. e5 Rh8 45. Ka6 Re8 46. c8=Q+ Rxc8 47. Nxc8 1-0

[Event "Early-Titled-Tuesday-Blitz-March-05-2024"]
[Site "Chess.com"]
[Date "2024.03.05"]
[Round "5"]
[White "whiteglovethief"]
[Black "averageFM"]
[Result "1-0"]
[WhiteElo "2489"]
[BlackElo "2609"]
[TimeControl "180+1"]
[EndTime "8:58:53 PST"]
[Termination "whiteglovethief won by resignation"]

1. d4 Nf6 2. c4 e6 3. Nf3 d5 4. g3 Be7 5. Bg2 O-O 6. O-O dxc4 7. Qc2 b5 8. Rd1 Bb7 9. a4 Be4 10. Qd2 b4 11. Ne5 Bxg2 12. Kxg2 c5 13. dxc5 Qd5+ 14. Qxd5 exd5 15. c6 Rc8 16. Nd7 Nxc6 17. Nxf6+ Bxf6 18. Rxd5 Nd4 19. Nd2 c3 20. bxc3 Nxe2 21. Ne4 Nxc3 22. Nxf6+ gxf6 23. Rd4 Ne2 24. Rg4+ Kh8 25. Bh6 Rg8 26.
Rxb4 Rg6 27. Be3 Nc3 28. Rb7 a5 29. Rxf7 Rg4 30. Rxf6 Rxa4 31. Rc1 Nd5 32. Rf7 Nxe3+ 33. fxe3 Ra2+ 34. Kh3 a4 35. Rcc7 h6 36. Rh7+ Kg8 37.
Rxh6 a3 38. Rg6+ Kh8 39. Rc4 Kh7 40. Rgg4 Re2 41. Ra4 Rxa4 42. Rxa4 Rxe3 43. Kg4 Re2 44. h4 a2 45. Kh3 Rb2 46. h5 Kh6 47. g4 Kg5 48. Ra5+ Kf4 49. h6 Rb1 50. Rxa2 Kg5 51.
h7 Rb8 52. Ra5+ Kg6 53. Rh5 Rh8 54. Kh4 Kg7 55. Kg5 Kf7 56. Kh6 1-0

[Event "Early-Titled-Tuesday-Blitz-March-05-2024"]
[Site "Chess.com"]
[Date "2024.03.05"]
[Round "5"]
[White "MeesvanOsch"]
[Black "Penafiel-Josselyne02"]
[Result "1-0"]
[WhiteElo "2373"]
[BlackElo "2056"]
[TimeControl "180+1"]
[EndTime "8:58:53 PST"]
[Termination "MeesvanOsch won on time"]

1. e4 c5 2. Nf3 d6 3. d4 cxd4 4.
Nxd4 Nf6 5. Nc3 Nc6 6. Nd5 Nxd5 7. exd5 Qa5+ 8. Bd2 Qxd5 9. Nb5 Qe6+ 10. Be2 Qd7 11.
O-O a6 12. Nc3 e6 13. Na4 Qc7 14. c4 Rb8 15. Bf4 Be7 16. c5 e5 17. cxd6 Bxd6 18. Be3 O-O 19. Bb6 Qe7 20. Rc1 Bd7 21. Nc5 Rbc8 22.
Nxd7 Qxd7 23. Bg4 f5 24. Qd5+ Kh8 25. Rfd1 Nd4 26. Rxc8 Rxc8 27. Bxd4 exd4 28. Bxf5 Bxh2+ 29. Kxh2 Qxd5 30. Bxc8 Qd6+ 31. g3 g6 32. Bg4 Kg7 33. Kg2 b5 34. Rd3 Qd5+ 35. Bf3 Qc4 36. Rd2 Kf6 37.
b3 Qc3 38. Rd1 d3 39. Be4 d2 40. Bf3 Ke5 41. Kf1 Qd3+ 42. Be2 Qc2 43. a4 b4 44. f3 Kd4 45. Kf2 Kc3 46. f4 Kxb3 47. Ke3 Qc3+ 48.
Bd3 Kxa4 49. Rxd2 b3 50. Ke2 Kb4 51. Bxa6 Qc5 52. Bd3 Qc3 53. g4 b2 54. f5 Qe5+ 55. Kf3 gxf5 56. gxf5 Kc3 57. Rd1 Kb3 58. Be4 1-0

[Event "Early-Titled-Tuesday-Blitz-March-05-2024"]
[Site "Chess.com"]
[Date "2024.03.05"]
[Round "5"]
[White "MathiasWomacka"]
[Black "Lennis93"]
[Result "1/2-1/2"]
[WhiteElo "2517"]
[BlackElo "2704"]
[TimeControl "180+1"]
[EndTime "8:58:54 PST"]
[Termination "Game drawn by repetition"]

1. e4 e6 2. d4 d5 3. Nd2 Nf6 4. e5 Nfd7 5. Bd3 c5 6. c3 Nc6 7.
Ne2 cxd4 8. cxd4 f6 9. exf6 Nxf6 10. Nf3 Bd6 11. O-O Qc7 12. Nc3 a6 13. Bd2 O-O 14.
Rc1 g6 15. Re1 Qg7 16. Na4 Bd7 17. Nc5 Bxc5 18. Rxc5 Rae8 19. Qc1 Ng4 20. Be2 Nxd4 21. Nxd4 Qxd4 22. Bxg4 Qxg4 23. Rc7 e5 24. Qc5 Bc6 25.
Bh6 Rf7 26. Rxf7 Kxf7 27. f3 Qh5 28. Bd2 Qf5 29. Qd6 Re6 30. Qc7+ Re7 31. Qd6 d4 32. Bb4 Re8 33. Qc7+ Qd7 34. Qb6 g5 35. Bd2 Kg6 36. Qc5 Qd5 37. Qc1 h6 38. Qc2+ d3 39. Qc3 e4 40.
Re3 exf3 41. Rxf3 Qe6 42. Qxd3+ Be4 43. Qd4 Bxf3 44. gxf3 Qxa2 45. Bc3 Qe6 46. Qg7+ Kh5 47. Qxb7 Qe3+ 48. Kg2 Qe2+ 49. Kg3 Rf8 50. Qc6 a5 51.
Bg7 Qe1+ 52. Kg2 Qe2+ 53. Kg3 Qe1+ 54. Kg2 Qd2+ 55. Kg3 Qf4+ 56. Kg2 Qd2+ 57. Kg3 Qe1+ 1/2-1/2

[Event "Early-Titled-Tuesday-Blitz-March-05-2024"]
[Site "Chess.com"]
[Date "2024.03.05"]
[Round "5"]
[White "Genghis_K"]
[Black "isaak2009"]
[Result "1-0"]
[WhiteElo "2953"]
[BlackElo "2765"]
[TimeControl "180+1"]
[EndTime "8:58:56 PST"]
[Termination "Genghis_K won on time"]

1. e4 c5 2. Nf3 Nc6 3. Bb5 g6 4.
O-O Bg7 5. c3 Nf6 6. Re1 O-O 7. d4 d5 8. e5 Ne4 9. Bxc6 bxc6 10. Be3 cxd4 11. cxd4 Bg4 12. h3 Bf5 13. Nbd2 Nxd2 14. Qxd2 Rb8 15. Rac1 Qd7 16. b3 f6 17. Bh6 g5 18. Bxg7 Kxg7 19. exf6+ exf6 20. Nxg5 fxg5 21. Qxg5+ Kf7 22. Rxc6 Rb6 23. Rxb6 axb6 24. Re5 Bg6 25.
Rxd5 Qe7 26. Qg3 Rd8 27. Qf4+ Kg8 28. Rxd8+ Qxd8 29. Qe5 Qa8 30. a4 Qe4 31. Qxe4 Bxe4 32. b4 Kf7 33. f3 Bc2 34. a5 b5 35. Kf2 Ke6 36. a6 Bb3 37. Ke3 Bd5 38. g4 Ba8 39. f4 Kf6 40. h4 h6 41. f5 h5 42. Kf4 hxg4 43. Kxg4 Bd5 44. Kf4 Bc4 45. a7 Bd5 46. h5 Ba8 47. h6 Bb7 48. h7 Kg7 49. Ke5 Kxh7 50. Ke6 Be4 51. f6 Kg6 52. f7 1-0

[Event "Early-Titled-Tuesday-Blitz-March-05-2024"]
[Site "Chess.com"]
[Date "2024.03.05"]
[Round "5"]
[White "ATM622"]
[Black "Chernov_Mikhail"]
[Result "0-1"]
[WhiteElo "2527"]
[BlackElo "2377"]
[TimeControl "180+1"]
[EndTime "8:58:56 PST"]
[Termination "Chernov_Mikhail won by resignation"]

1. d4 d5 2. c4 dxc4 3. e3 e5 4. Bxc4 exd4 5. exd4 Nf6 6. Nf3 Bd6 7. O-O O-O 8. Nc3 Nc6 9. Re1 h6 10. Ne5 Bd7 11. f4 Na5 12. Bd3 c5 13. Be3 cxd4 14.
Bxd4 Nc6 15. Nxd7 Nxd7 16. Be3 Bc5 17. Qf3 Bxe3+ 18. Qxe3 Qb6 19. Nd5 Qxe3+ 20. Rxe3 Rfe8 21. Rae1 Rxe3 22. Rxe3 Kf8 23. a3 Rd8 24. Bc4 Nc5 25. b4 Ne6 26. g3 b5 27. Bxb5 Rxd5 28. Bxc6 Rd1+ 29. Kf2 Rd2+ 30. Kg1 Rd1+ 31. Kg2 Rd2+ 32. Kh3 g5 33. f5 Nd4 34. Be4 h5 35. g4 h4 36. Bd3 Ra2 37. Bc4 Rc2 38. Bd3 Rc3 39. Kg2 Rxa3 40. h3 Nc2 41. Re2 Nxb4 42. Bc4 Rc3 43. Bb5 Nd5 44. Re5 Nf4+ 45. Kf1 Rxh3 46.
Bc4 Rc3 47. Bb5 h3 48. f6 Kg8 49. Rxg5+ Kh7 50. Rg7+ Kh6 51. g5+ Kh5 52. Bd7 Kh4 53. Kf2 Rc2+ 54. Kf3 Nh5 55. Rh7 h2 56. Be8 h1=Q+ 0-1

[Event "Early-Titled-Tuesday-Blitz-March-05-2024"]
[Site "Chess.com"]
[Date "2024.03.05"]
[Round "5"]
[White "JonSnowNW1"]
[Black "Akylbek2021"]
[Result "0-1"]
[WhiteElo "2525"]
[BlackElo "2315"]
[TimeControl "180+1"]
[EndTime "8:58:56 PST"]
[Termination "Akylbek2021 won by checkmate"]

1. e4 e6 2. d4 d5 3. e5 c5 4. c3 Nc6 5. Nf3 Qb6 6. Bd3 cxd4 7. cxd4 Nh6 8. O-O Nf5 9. Nc3 Nfxd4 10. Nxd4 Qxd4 11.
Nb5 Qxe5 12. Re1 Qb8 13. Qf3 Be7 14. Qg4 Kf8 15. Qf3 a6 16. Nc3 Bf6 17. Bf4 e5 18. Nxd5 exf4 19. Qh5 Qd6 20. Bc4 Ne5 21. Nxf6 Qxf6 22. Rxe5 Be6 23. Bxe6 fxe6 24. Rae1 Re8 25. Qf3 Re7 26. R1e4 g5 27. h4 h6 28. Qa3 Kf7 29. Qb3 Rd8 30. Qf3 Kg7 31. hxg5 hxg5 32. Qg4 Rd5 33.
Rxe6 Rxe6 34. Rxe6 Qf5 35. Qe2 Rd7 36. Re5 Qf6 37.
Qe4 Rf7 38. Re6 Qf5 39. Qd4+ Kh7 40. Re8 Rg7 41. Qd2 Qg4 42. f3 Qh5 43. Qd3+ Qg6 44.
Qxg6+ Kxg6 45. Re6+ Kf5 46. Rb6 Rc7 47. Kh2 Ke5 48.
Kh3 Kf5 49. Rb3 Rh7# 0-1

[Event "Early-Titled-Tuesday-Blitz-March-05-2024"]
[Site "Chess.com"]
[Date "2024.03.05"]
[Round "5"]
[White "Vaathi_Coming"]
[Black "stolencandy13"]
[Result "0-1"]
[WhiteElo "2881"]
[BlackElo "2684"]
[TimeControl "180+1"]
[EndTime "8:58:58 PST"]
[Termination "stolencandy13 won on time"]

1. Nf3 d5 2. g3 Nf6 3. Bg2 Bf5 4. O-O e6 5. c4 c6 6. Qb3 Qb6 7. d3 Nbd7 8. Be3 Qxb3 9. axb3 a6 10. Nc3 Be7 11. Bd4 O-O 12. Nh4 Bg4 13. h3 Bh5 14. g4 Bg6 15. f4 Bc5 16. Bxc5 Nxc5 17. Ra3 Rfe8 18. b4 Ncd7 19. e4 dxe4 20. dxe4 h6 21.
e5 Bd3 22. Rd1 Bxc4 23. exf6 Nxf6 24. Nf3 Red8 25. Raa1 Bb3 26. Rd4 Nd5 27. Nxd5 cxd5 28. Rc1 Rac8 29. Rc3 Rxc3 30. bxc3 Rc8 31. Rd3 Bc2 32.
Re3 Bb3 33. Nd4 Bc4 34. f5 exf5 35. Nxf5 Kf8 36. Nd6 Rb8 37. Nxc4 dxc4 38. Re4 Rc8 39. Rd4 b6 40. Rd6 a5 41. Rxb6 axb4 42. Rxb4 Ke7 43.
Bf1 Kd6 44. Rxc4 Ra8 45. Rd4+ Ke5 46. Bg2 Ra3 47. Rd3 f5 48. Rd5+ Kf4 49. Rxf5+ Kg3 50. Rf3+ Kh4 0-1